 Dungeon Crawl Stone Soup version 0.26.1-2-gb8aa6d0cf2 (webtiles) character file.

Game seed: 16433334410603751375

3035 Gadfly the Ruffian (level 9, -1/84 HPs)
             Began as a Troll Monk on Feb 22, 2021.
             Was a Priest of Okawaru.
             Slain by a gnoll sergeant
             ... wielding a +0 spear
              (4 damage)
             ... on level 6 of the Dungeon.
             The game lasted 00:07:25 (6023 turns).

Gadfly the Ruffian (Troll Monk)                     Turns: 6023, Time: 00:07:25

Health: -1/84      AC:  8    Str: 24    XL:     9   Next: 56%
Magic:  10/11      EV: 15    Int:  6    God:    Okawaru [***...]
Gold:   288        SH:  0    Dex: 12    Spells: 8/8 levels left

rFire    . . .     SeeInvis .     - Unarmed
rCold    . . .     Faith    .   (no shield)
rNeg     . . .     Spirit   .   h - +2 robe {Archmagi}
rPois    .         Reflect  .   (helmet restricted)
rElec    .         Harm     .   (no cloak)
rCorr    .         Rampage  .   (gloves unavailable)
Will     +....                  (boots unavailable)
Stlth    +++.......             (no amulet)
HPRegen  0.64/turn              k - ring of flight
MPRegen  0.12/turn              m - ring of willpower

@: heroism
A: large, unfitting armour, claws 3, regeneration 1, shaggy fur 1, tough skin 3
a: Renounce Religion, Evoke Flight, Heroism


You were on level 6 of the Dungeon.
You worshipped Okawaru.
Okawaru was most pleased with you.
You visited 2 branches of the dungeon, and saw 7 of its levels.

You collected 288 gold pieces.

Inventory:

Hand Weapons
 b - a +0 dagger of chaos
Armour
 h - a +2 robe of the Archmagi (worn)
Jewellery
 k - a ring of flight (left claw)
 m - a ring of willpower (right claw)
Wands
 d - a wand of enslavement (9)
 n - a wand of random effects (8) (quivered)
 o - a wand of iceblast (7)
Scrolls
 a - 4 scrolls of remove curse
 e - a scroll of teleportation
 f - a scroll of fog
 l - a scroll of identify
 p - a scroll of blinking
Potions
 c - 2 potions of curing
 g - a potion of haste
 i - a potion of mutation
 j - 2 potions of resistance


   Skills:
 + Level 4.1(9.1) Fighting
 * Level 4.6(9.6) Armour
 * Level 5.3(10.3) Dodging
 - Level 1.0(6.0) Stealth
 * Level 6.4(11.4) Unarmed Combat
 * Level 4.8 Invocations
 * Level 4.2 Evocations


You had 8 spell levels left.
You didn't know any spells.
Your spell library contained the following spells:

 Spells                   Type           Power        Failure   Level
 Shock                    Conj/Air       0%           45%         1
 Sublimation of Blood     Necr           0%           58%         2
 Hailstorm                Conj/Ice       0%           99%         4
 Fireball                 Conj/Fire      0%           100%        5
 Lightning Bolt           Conj/Air       0%           100%        5


Dungeon Overview and Level Annotations

Branches:
Dungeon (6/15)             Temple (1/1) D:5

Altars:
Ashenzari
Elyvilon
Fedhas
Gozag
Hepliaklqana
Kikubaaqudgha
Makhleb
Okawaru
Qazlal
Ru
Wu Jian
Xom
Yredelemnul
Zin
The Shining One

Annotations:
D:4 2 transporters
D:6 1 transporter


Innate Abilities, Weirdness & Mutations

You are too large for most types of armour.
You have claws for hands.
Your natural rate of healing is unusually fast.
You are covered in fur. (AC +1)
You have extremely tough skin. (AC +3)


Message History

The gnoll shaman hits you with a +0 whip!
* * * LOW HITPOINT WARNING * * *
The gnoll hits you with a +2 vampiric halberd!
* * * LOW HITPOINT WARNING * * *
The gnoll barely misses you.
You completely miss the gnoll. The gnoll closely misses you.
The gnoll sergeant closely misses you.
The gnoll sergeant hits you with a +0 spear.
* * * LOW HITPOINT WARNING * * *
Unknown command.
Unknown command.
You feel better. The gnoll hits you but does no damage.
The gnoll shaman misses you.
The gnoll hits you from afar with a +0 spear.
* * * LOW HITPOINT WARNING * * *
The gnoll sergeant hits you from afar with a +2 spear of electrocution.
* * * LOW HITPOINT WARNING * * *
The gnoll barely misses you. The gnoll closely misses you.
The gnoll sergeant hits you with a +0 spear.
You die...

#.≈≈≈≈≈≈≈≈≈≈≈...≈≈≈≈≈≈≈≈≈≈≈..#
#.≈≈≈≈≈≈≈≈≈≈≈.|.≈≈≈≈≈≈≈≈≈≈≈.##
#.≈≈#####...........#####≈≈.#
..≈≈#.#.#.###.©.###.#.#.#≈≈.#
..≈≈#g..###.#####©###...#≈≈.#
..≈≈###"..............###≈≈.#
..≈≈.8#.######'######.#8.≈≈.#
..≈≈.##g#g$ #8gg#.⌠.#.##.≈≈.#
..≈≈.#..'$ #⌠gg@...'..#.≈≈.#
..≈≈.##. #8.g#g⌠.#.##.≈≈.#
..≈≈.8#.######'######.#8.≈≈.##
..≈≈###.............?.###≈≈..#
..≈≈#...###.#####.###...#≈≈..#
..≈≈#.#g#.###.©.###.#.#.#≈≈..#
#.≈≈#####...........#####≈≈..#
#.≈≈≈≈≈≈≈≈≈≈≈≈≈≈≈≈≈≈≈≈≈≈≈≈≈..#
#.≈≈≈≈≈≈≈≈≈≈≈≈≈≈≈≈≈≈≈≈≈≈≈≈≈..#


You could see 2 gnoll sergeants, a gnoll shaman and 3 gnolls.

Vanquished Creatures
  Pikel (D:4)
  The ghost of Weaver the Chucker, a novice TrHu of Okawaru (D:6)
  The ghost of ISoar the Cleaver, a novice MiCK of Xom (D:5)
  Grinder (D:6)
  Prince Ribbit (D:6)
  Sigmund (D:4)
  Duvessa (D:4)
  2 orc warriors (D:6)
  2 sky beasts
  An ogre (D:6)
  A centaur (D:6)
  Blork the orc (D:4)
  A bullfrog (D:5)
  A scorpion (D:6)
  Dowan (D:4)
  A howler monkey (D:5)
  A hound (D:4)
  A crimson imp (D:3)
  A bullfrog skeleton (D:5)
  3 orc priests
  A centaur skeleton (D:4)
  2 orc wizards
  A hound zombie (D:5)
  7 adders
  2 shadow imps (D:5)
  2 ufetubi
  3 oozes
  2 adder skeletons
  2 worms
  2 leopard geckos (D:4)
  32 orcs
  3 giant cockroaches
  6 goblins
  4 hobgoblins
  14 jackals
  10 kobolds
  2 quokkas
  2 ball pythons
  10 bats
  5 frilled lizards
  A leopard gecko skeleton (D:4)
  A quokka skeleton (D:6)
  3 rats
  A spectral orc (D:2)
142 creatures vanquished.

Vanquished Creatures (others)
  6 plants (D:6)
6 creatures vanquished.

Grand Total: 148 creatures vanquished

Notes
Turn   | Place    | Note
-------+----------+-------------------------------------------
     0 | D:1      | Gadfly the Troll Monk began the quest for the Orb.
     0 | D:1      | Reached XP level 1. HP: 22/22 MP: 0/0
   238 | D:1      | Reached XP level 2. HP: 29/29 MP: 1/1
   791 | D:2      | Reached XP level 3. HP: 35/36 MP: 2/2
   839 | D:2      | Reached skill level 1 in Armour
   971 | D:2      | Reached skill level 1 in Evocations
   992 | D:2      | Reached XP level 4. HP: 41/44 MP: 3/3
  1201 | D:2      | Found a basalt altar of Yredelemnul.
  1772 | D:3      | Reached skill level 1 in Invocations
  1772 | D:3      | Reached XP level 5. HP: 48/50 MP: 4/4
  2094 | D:3      | Found a burning altar of Makhleb.
  2098 | D:3      | Found a shimmering altar of Xom.
  2223 | D:4      | Found a transporter.
  2248 | D:4      | Noticed Pikel
  2248 | D:4      | Noticed a lemure
  2263 | D:4      | Noticed a lemure
  2266 | D:4      | Noticed a lemure
  2268 | D:4      | Killed Pikel
  2269 | D:4      | Reached skill level 4 in Unarmed Combat
  2269 | D:4      | Reached XP level 6. HP: 44/61 MP: 4/6
  2269 | D:4      | Reached XP level 7. HP: 48/67 MP: 4/7
  2279 | D:4      | Noticed Sigmund
  2281 | D:4      | Noticed Dowan
  2299 | D:4      | Killed Sigmund
  2308 | D:4      | Killed Dowan
  2308 | D:4      | Noticed Duvessa
  2502 | D:4      | Killed Duvessa
  2741 | D:4      | Noticed Blork the orc
  2752 | D:4      | Killed Blork the orc
  2753 | D:4      | Reached skill level 5 in Unarmed Combat
  2753 | D:4      | Reached XP level 8. HP: 61/75 MP: 9/9
  2970 | D:4      | Found a transporter.
  3020 | D:5      | Entered Level 5 of the Dungeon
  3022 | D:5      | Found a runed translucent gate.
  3022 | D:5      | Found a runed translucent gate.
  3023 | D:5      | Found a runed translucent gate.
  3031 | D:5      | Noticed ISoar's ghost (novice MiCK)
  3271 | D:5      | Found a staircase to the Ecumenical Temple.
  3309 | Temple   | Entered the Ecumenical Temple
  3345 | Temple   | Became a worshipper of Warmaster Okawaru
  3345 | Temple   | Reached * piety under Okawaru
  3345 | Temple   | Reached ** piety under Okawaru
  3436 | D:5      | Found a hazy altar of Hepliaklqana.
  4244 | D:5      | Found a blossoming altar of Fedhas.
  4508 | D:5      | Killed ISoar's ghost
  4887 | D:6      | Noticed Prince Ribbit
  5225 | D:6      | Found a transporter.
  5237 | D:6      | Found a transporter.
  5342 | D:6      | Noticed Grinder
  5344 | D:6      | Reached *** piety under Okawaru
  5345 | D:6      | Reached XP level 9. HP: 84/84 MP: 11/11
  5351 | D:6      | Killed Grinder
  5352 | D:6      | Reached skill level 6 in Unarmed Combat
  5452 | D:6      | Killed Prince Ribbit
  5453 | D:6      | Reached skill level 5 in Dodging
  5644 | D:6      | Identified Olafeic's Incunabulum of Destructive Evil
                  | Rituals
  5930 | D:6      | Noticed Weaver's ghost (novice TrHu)
  6018 | D:6      | Killed Weaver's ghost
  6022 | D:6      | HP: 1/84 [gnoll sergeant/+0 spear (6)]
  6023 | D:6      | Slain by a gnoll sergeant

Illustrated notes

Levels and vault maps discovered:
D:1:      dpeg_arrival_orchard, layout_basic
D:2:      layout_loops_ring, yredelemnul_forgotten_temple_becter
D:3:      layout_loops_ring, grunt_temple_overflow_champion_of_chaos,
          hangedman_decor_growths, supply_closet_lemuel,
          nicolae_underground_beach
D:4:      gammafunk_cloud_chamber, layout_rooms, minmay_box_of_dots,
          uniq_blork_the_orc, uniq_sigmund, uniq_duvessa, uniq_pikel
D:5:      layout_layer_cave, fedhas_altar_4, minitemple,
          minmay_temple_entry_statues_fountains, gammafunk_ghost_split
D:6:      layout_loops_ring, gammafunk_ghost_gnarly_gnolls, uniq_prince_ribbit1,
          uniq_grinder
Temple:   cyrus_temple_forest

Skill      XL: |  1  2  3  4  5  6  7  8  9 |
---------------+----------------------------+-----
Armour         | 1 2 3 4 |  4.6
Evocations     | 1 2 3 4 |  4.2
Invocations    | 1 2 3 4 |  4.8
Fighting       | 3 4 |  4.1
Dodging        | 3 4 5 |  5.3
Unarmed Combat | 4 5 6 |  6.4
Stealth        | |  1.0

Action                   |  1- 3 |  4- 6 |  7- 9 || total
-------------------------+-------+-------+-------++-------
Melee: Unarmed           |    80 |    81 |   285 ||   446
       Punch             |     1 |     1 |     5 ||     7
       Dagger            |       |    12 |       ||    12
Invok: Heroism           |       |       |     2 ||     2
Evoke: Wand              |       |       |     5 ||     5
  Use: Scroll            |       |    11 |     5 ||    16
       Potion            |       |       |     5 ||     5
 Stab: Sleeping          |     5 |     1 |     1 ||     7
Armor: Robe              |    29 |    34 |    92 ||   155
       Skin              |       |       |     8 ||     8
Dodge: Dodged            |    40 |    38 |   178 ||   256
